Workbook

Sheet Quadre Preus
A1: N.º EXP AB/SAN/???? | B1: ESCOMESA I AUTOMATITZACIÓ DE LA BASSA DE LA VALL BAIXA (SANT VICENÇ DELS HORTS) | C1: NOM LICITADOR
A2: QUADRE DE PREUS
A4: Codi | B4: Descripció | C4: Unitat | D4: Preu Unitari
A6: 1.1 | B6: PROJECTE
A7: PL01 | B7: ENGINYERIA DE DETALL OBJECTE DEL CONCURS - Enginyeria de detall constructiva - Enginyeria de detall elèctrica - Enginyeria de detall dels programes dels PLCs i HMI - Enginyeria de detall ampliacions SCADA | C7: ud. | D7: 0
A9: 1.2 | B9: ESCOMESA ELÈCTRICA
A10: EE01 | B10: OBRA RECEPCIÓ ESCOMESA - Creació de puntalet d'escomesa aèria i nínxol al límit de la zona pública/privada de la parcela, amb accés directe 24h i també de caixa de protecció i mesura (CPM), segons especificacions de distribuidora del ANNEX 01. Inclou esbrossat zona. | C10: ud. | D10: 0
A11: EE02 | B11: OBRA DES DE RECEPCIÓ ESCOMESA FINS CASETA DE CONTROL - Canalització de serveis amb dos conductes de polieitilè corrugat de doble paret, DN125 , formigonats, exacavació de 0,80 m de fondaria i 40 cm d'ample, recoberts amb sorra, cinta de senyalització, rebliment de terres de la propia excavació. Longitud estimada 60 ml. | C11: ud. | D11: 0
A12: EE03 | B12: LEGALITZACIÓ INSTAL·LACIÓ ELÈCTRICA | C12: ud. | D12: 0
A13: EE04 | B13: CABLES INTERIORS ESCOMESA ELÈCTRICA - Subministrament i instal·lació de cables interiors entre obra recepció escomesa i caseta de control | C13: ud. | D13: 0
A15: 1.3 | B15: OBRA CIVIL
A16: OC01 | B16: OBRA CONNEXIÓ ARQUETA VÀLVULES A CASETA CONTROL - Canalització de serveis amb dos conductes de polieitilè corrugat de doble paret, DN63 , exacavació de 0,75 m de fondaria i 30 cm d'ample, recoberts amb sorra, cinta de senyalització, rebliment de terres de la propia excavació. Longitud estimada 12 ml. | C16: ud. | D16: 0
A17: OC02 | B17: OBRA CONNEXIO CASETA DE CONTROL I MESURA DE NIVELL BASSA - Canalització de serveis amb dos conductes de polieitilè corrugat de doble paret, DN63 , exacavació de 0,75 m de fondaria i 30 cm d'ample, recoberts amb sorra, cinta de senyalització, rebliment de terres de la propia excavació. Longitud esimada 18ml. - Inclou arqueta de registre prefabricada de 30x30x30cm amb tapa de 40x40cm | C17: ud. | D17: 0
A18: OC03 | B18: REMODELACIÓ D'ARQUETA EXISTENT PER EQUIPS HIDRÀULICS BASSA DE LA VALL BAIXA - Embragatge i elevació d'estructures de formigó armat, i retirada a un costat amb grua de l'element de coberta de l'arqueta, i posterior col·locació al finalitzar els treballs. Pes estimat de la llosa 15 tn. - Perforació de mur de formigó armat per a formació de passamurs fins a 200 mm de diàmetre nominal amb un gruix de paret entre 20 i 30 cm amb equip de barrinat amb broca de diamant intercambiable, entre 100 i 400 mm de diàmetre. - Demolició de massissos d'obra de fàbrica o formigó en interior de l'arqueta, extracció de runa i càrrega sobre camió. - Càrrega amb mitjans mecànics i transport de residus inerts o no especials a instal·lació autoritzada de gestió de residus, amb camió per a transport de 12 t, amb un recorregut de més de 10 i fins a 15 km. - Deposició controlada a centre de reciclatge de residus barrejats inerts amb una densitat 1,0 t/m3, procedents de construcció o demolició, amb codi 170107 segons la Llista Europea de Residus. - Subministrament i instal·lació de graons (fins a 20 graons) per a pou de registre de polipropilè armat, de 250x350x250 mm i 3 kg de pes, col·locat amb morter de ciment 1:6, elaborat a l'obra. - Subministrament i instal·lació de dispositiu de seguretat consistent en una barra telescòpica retràctil i base de suport per a instal·lació en paret o pates dins d'arqueta. Material: acer inoxidable AIXI 316 efecte pulit mirall. De marca IVERNA 2000 o similar. Completament muntat i en funcionament. - Inclou suministrament i instal·lació d'elements de reacció/suport per equips hidràulics (colzes, vàlvules, reduccions, cabalímetre, etc.) de fàbrica de bloc o formigó, inclòs p.p. d'abarcons i tacs d'ancoratge químic. - Subministrament i instal·lació de punt de llum en interior de l'arqueta de vàlvules, inclòs cablejat i proteccions. - Formació de nou registre d'accés de personal en la llosa de coberta de l'arqueta. Perforació de quatre taladres amb broca , tall de la llosa amb disc o fil de diamant formant una obertura de 75x75 cm, per inserir bastiment de fosa dúctil quadrat de 910x910 mm, amb orificis d'ancoratge, i dues tapes triangulars amb articulació integrada i pas lliure 750x750 mm, tipus D400 segons norma EN124, instal·lada. | C18: ud. | D18: 0
A19: OC04 | B19: CONDICIONAMENT CASETA EXISTENT - Esbrossada i neteja voltants caseta - Buidat, neteja i pintura interior caseta - Pintura exterior caseta - Adequació entrada subterrania de tubulars | C19: ud. | D19: 0
A20: OC05 | B20: SUBMINISTRAMENT I INSTAL·LACIÓ PORTA BLINDADA PER CASETA EXISTENT - Retirada totxanes actuals - Tancament mitjançant pany i candaus amb clau tipus Aigües de Barcelona | C20: ud. | D20: 0
A21: OC06 | B21: OBRA PER INSTAL·LACIÓ DE SENSOR NIVELL EN BASSA - Subministrament tub rígit polietilé diametre 40mm. Longuitud estimada 13ml. - Subministrament abraçaderes per subjecció de tub rígit en llosses dins bassa inox 316L. 2 abraçaderes per llossa, 2 llosses. | C21: ud. | D21: 0
A23: 1.4 | B23: ARMARIS
A24: AR01 | B24: SUBMINISTRAMENT ARMARI ACER SCHNEIDER PANELSET SM, O SIMILAR. - D'ample 1000mm, alçada 1800mm i fons 500mm - Protecció IP55 - Placa de fons - Dos portes cegues amb maneta - Suports de fixació mural - Portadocuments - Socol de 100mm - Regleta de posada a terra - Iluminació interior LED - Interruptor de porta | C24: ud. | D24: 0
A26: 1.5 | B26: INSTAL·LACIONS ELÈCTRIQUES 220VCA
A27: 220VCA01 | B27: ILUMINACIÓ INTERIOR CASETA - Subministrament i instal·lació de punt de llum en interior de caseta de control, inclòs cablejat i proteccions. | C27: ud. | D27: 0
A28: 220VCA02 | B28: ILUMINACIÓ EXTERIOR CASETA - Subministrament i instal·lació de punt de llum en l'exterior de la caseta de control, amb braç mural d'alumini de entre 75 i 100 cm, ancorat a la paret amb ancoratge químic o mecànic, i luminària LED per exterior (100-150 lux), grau de protecció IP66, inclós cablejat, encesa amb sensor de moviment temporitzat, i connexionat a quadre elèctric, amb proteccions. | C28: ud. | D28: 0
A30: 1.6 | B30: EQUIPS CONTROL
A31: EC01 | B31: SUBMINISTRAMEN DE CABALÍMETRE DN500, PN10 - Cabalímetre electromagnètic - Brides EN1092-1 d'acer al carboni - 0xDN trams d'entrada/sortida - Electrodes acer inox 316L - Recobriment intern de goma dura - Electrònica remota amb 10m de cable - Caixa de l'electrònica de policarbonat - Autodiagnosi (Heartbeat + Monitorització) - Comunicació Ethernet/IP - Amb pantalla de protecció ambiental per electrònica - Alimentació AC 100..240 i AC/DC 24V - Marca Endress+Hauser, model W400 o similar | C31: ud. | D31: 0
A32: EC02 | B32: SUBMINISTRAMENT DE REDUCTURA I MOTOR PER VÀLVULA PAPALLONA DN600 PN10 SORTIDA BASSA - Segons norma EN 15714-2:2010 per actuadors elèctrics per vàlvules industrials - Per servei tipus modulant S4-25% (fins a 1.200 engegades per hora) - Connexions elèctriques mitjançant connector multipolar - Connexió a la vàlvula segons norma ISO 5210 - Protecció IP68 - Recorregut de 90º - Vida útil de 10.000 cicles Obert-Tancat-Obert - Per un parell màxim de la vàlvula de 2.400 Nm - Senyal analògica d’entrada de 4..20mA pel control de la posició - Senyal analògica de sortida de 4..20mA per informar de la posició - Precisió de la posició de 3º o superior - Amb senyals de final de carrera i límit de parell - Amb possibilitat d’operació local mitjançant polsadors Obrir-Aturar-Tancar. - Amb volant per operació manual - Amb comunicació Ethernet/IP de Rockwell - Alimentació trifàsica 400VAC - Marca AUMA, model GS-100.3(208:1)/SAR 07.6/AC 01.2 o similar | C32: ud. | D32: 0
A33: EC03 | B33: SUBMINISTRAMENT DE REDUCTURA I MOTOR PER VÀLVULA PAPALLONA DN700 PN10 ENTRADA BASSA - Segons norma EN 15714-2:2010 per actuadors elèctrics per vàlvules industrials - Per servei tipus ON-OFF S2-15min - Connexions elèctriques mitjançant connector multipolar - Connexió a la vàlvula segons norma ISO 5210 - Protecció IP68 - Recorregut de 90º - Vida útil de 10.000 cicles Obert-Tancat-Obert - Per un parell màxim de la vàlvula de 3.400 Nm - Amb senyals de final de carrera i límit de parell - Amb possibilitat d’operació local mitjançant polsadors Obrir-Aturar-Tancar. - Amb volant per operació manual - Alimentació trifàsica 400VAC - Marca AUMA, GS-125.3(208:1)/SA 10.2/AC 01.2 o similar | C33: ud. | D33: 0
A34: EC04 | B34: SUBMINISTRAMENT DE REDUCTURA I MOTOR PER VÀLVULA PAPALLONA DN500 PN10 BY-PASS BASSA - Segons norma EN 15714-2:2010 per actuadors elèctrics per vàlvules industrials - Per servei tipus ON-OFF S2-15min - Connexions elèctriques mitjançant connector multipolar - Connexió a la vàlvula segons norma ISO 5210 - Protecció IP68 - Recorregut de 90º - Vida útil de 10.000 cicles Obert-Tancat-Obert - Per un parell màxim de la vàlvula de 1.700 Nm - Amb senyals de final de carrera i límit de parell - Amb possibilitat d’operació local mitjançant polsadors Obrir-Aturar-Tancar. - Amb volant per operació manual - Alimentació trifàsica 400VAC - Marca AUMA, GS-100.3(208:1)/SA 07.6/AC 01.2 o similar | C34: ud. | D34: 0
A36: 1.7 | B36: SENSORS TELECONTROL
A37: ET01 | B37: SUBMINISTRAMENT NIVELL HIDROSTÀTIC - Marca VEGA, model VEGAWELL 52 o similar - Mesura d'alçada d'aigüa per pressió hidrostàtica - Amb capilar de compensació atmosférica - Senyal de sortida 4-20mA - Alimentat a 24VDC - Rang de mesura 0..1 bar (0..10 metres) - 20 metres de cable - Amb ganxo de suport inox 316L | C37: ud. | D37: 0
A38: ET02 | B38: SUBMINISTRAMENT DE CAIXA DE CONNEXIÓ NIVELL HIDROSTÀTIC I COMPENSACIÓ DE PRESSIÓ ATMOSFÈRICA - marca VEGA, modelo VEGABOX 03 o similar - Carcasa de plàstic IP66 - Filtre per conpensació de pressió atmosfèrica - Suport mural o carril DIN - Entrada de cable M20x1.5/prensaestopa PA negre (diàmetre 5-9mm) | C38: ud. | D38: 0
A40: 1.8 | B40: PLCS
A41: 5069-L320ER | B41: SUBMINISTRAMENT PLC Controller, CompactLogix 5380, 2 MB User Memory, 16 I/Os, 40 EtherNet/IP Devices | C41: ud. | D41: 0
A42: 5069-RTB4-SCREW | B42: SUBMINISTRAMENT TERMINAL DE CONEXIÓ PER ALIMENTACIÓ MOD PLC COMPACTLOGIX Terminal de conexión de alimentación MOD del PLC (con tornillos) | C42: ud. | D42: 0
A43: 1784-SDHC8 | B43: SUBMINISTRAMENT TARJA SD 8GB PER PLC COMPACTLOGIX O SWITCH STRATIX O HMI PANEL VIEW PLUS | C43: ud. | D43: 0
A44: 1734-AENTR | B44: SUBMINISTRAMENT DE CAPÇALETRA POINT I/O Point I/O: 2-Port EtherNet I/O Adapter Module | C44: ud. | D44: 0
A45: 1734-IB8 | B45: SUBMINISTRAMENT TARJA POINT I/O 8 ENTRADES DIGITALS 24V Dc 8 Channel Sink Input Module | C45: ud. | D45: 0
A46: 1734-OB8E | B46: SUBMINISTRAMENT TARJA POINT I/O 8 SORTIDES DIGITALS 24V Dc8 Channel Source Output Module, Electronically Protected | C46: ud. | D46: 0
A47: 1734-IE4C | B47: SUBMINISTRAMENT TARJA POINT I/O 8 ENTRADES ANALÒGIQUES (4-20mA) 24V Dc 8 Channel Analog Current Input Module | C47: ud. | D47: 0
A48: 1734-OE4C | B48: SUBMINISTRAMENT TARJA POINT I/O 4 SORTIDES ANALÒGIQUES (4-20mA) 24V Dc 4 Points Analog Current Output Module | C48: ud. | D48: 0
A49: 1734-TB | B49: SUBMINISTRAMENT BASE PER TARGES POINT I/O AMB TERMINALS DE CONNEXIÓ AMB CARGOL POINT I/O 8 Terminal Base with screw | C49: ud. | D49: 0
A50: 2711P-T7C22D9P | B50: SUBMINISTRAMENT DE HMI MARCA ROCKWELL MODEL PANEL VIEW PLUS 7 PERFORMANCE, O SIMILAR - Pantalla tàctil TFT color de 6,5" - Resolució 640 × 480 VGA - Alimentat a 24VDC - Dos ports de connexió de xarxa ethernet RJ-45 - Comunicació Ethernet/IP amb PLC Rockwell - Ranura per memoria SD | C50: ud. | D50: 0
A51: 2711P-RMCP | B51: SUBMINISTRAMENT SUPORTS D'ANIVELLAMENT PER HMI - Mounting levers for PanelView Plus 7 Performance and PanelView 5000 | C51: ud. | D51: 0
A53: 1.9 | B53: ALIMENTACIÓ 24VCC
A54: 24VCC01 | B54: SUBMINISTRAMENT FONT ALIMENTACIÓ QUINT4-PS/1AC/24DC/20. REFERENCIA 2904602 O SIMILAR | C54: ud. | D54: 0
A55: 24VCC02 | B55: SUBMINISTRAMENT FONT ALIMENTACIÓ / CARREGADOR QUINT-UPS/ 24DC/ 24DC/40/EIP. REFERENCIA 2907074 O SIMILAR | C55: ud. | D55: 0
A56: 24VCC03 | B56: SUBMINISTRAMENT MÒDUL BATERIES UPS-BAT/VRLA/24DC/12AH. REFERENCIA 2320322 O SIMILAR | C56: ud. | D56: 0
A57: 24VCC04 | B57: SUBMINISTRAMENT MÒDUL REDUNDANCIA QUINT-ORING/24DC/2X20/1X40 AMB AUTO CURRENT BALANCING (ACB). REFERENCIA 2320186 O SIMILAR | C57: ud. | D57: 0
A58: 24VCC05 | B58: SUBMINISTRAMENT BASE FUSIBLES ELECTRÓNICS 24VDC DE 40A. MARCA E-T-A, MODEL EM12-T01-001-DC24V-40A , O SIMILAR | C58: ud. | D58: 0
A59: 24VCC06 | B59: SUBMINISTRAMENT MODUL COMUNICACIÓ ETHERNET/IP PER FUSIBLES ELECTRÒNICS 24VDC. MARCA E-T-A, MODEL CPC12EN-T1-001, O SIMILAR | C59: ud. | D59: 0
A60: 24VCC07 | B60: SUBMINISTRAMENT MODUL 2 FUSIBLES ELECTRÒNICS 24VDC, REGULABLES EN INSTENSITAT DE 1 A 10A. MARCA E-T-A, MODEL REX12D-TE2-100-DC24V-1A-10A, O SIMILAR | C60: ud. | D60: 0
A62: 1.10 | B62: COMUNICACIONS
A63: 1783-CMS10DP | B63: SUBMINISTRAMENT SWITCH ROCKWELL STRATIX 5200 10 BOQUES: 8 RJ-45, 2 COMBO (SFP O RJ-45), ADMINSTRAT, SUPORTA DLR, REP, RSTP. AMB SOFTWARE AVANÇAT. | C63: ud. | D63: 0
A64: =A43 -> 1784-SDHC8 | B64: =B43 -> SUBMINISTRAMENT TARJA SD 8GB PER PLC COMPACTLOGIX O SWITCH STRATIX O HMI PANEL VIEW PLUS | C64: =C43 -> ud. | D64: 0
A65: COM03 | B65: SUBMINISTRAMENT LATIGILLO DE XARXA ETHERNET CAT6 FTP DE 1 METRES | C65: =C44 -> ud. | D65: 0
A66: COM04 | B66: SUBMINISTRAMENT LATIGILLO DE XARXA ETHERNET CAT6 FTP DE 2 METRES | C66: =C45 -> ud. | D66: 0
A67: COM05 | B67: SUBMINISTRAMENT LATIGILLO DE XARXA ETHERNET CAT6 FTP DE 3 METRES | C67: =C46 -> ud. | D67: 0
A68: COM06 | B68: SUBMINISTRAMENT LATIGILLO DE XARXA ETHERNET CAT6 FTP DE 5 METRES | C68: =C47 -> ud. | D68: 0
A69: COM07 | B69: SUBMINISTRAMENT CABLE CAT6 S/FTP BLINDAT/ANTIROSSEGADORS PER EXTERIOR | C69: ml | D69: 0
A71: 1.11 | B71: PROGRAMACIÓ
A72: PR01 | B72: PROGRAMACIÓ DE PLC DE LA BASSA | C72: ud. | D72: 0
A73: PR02 | B73: PROGRAMACIÓ DE HMI DE LA BASSA | C73: ud. | D73: 0
A74: PR03 | B74: PROGRAMACIÓ DE LA AMPLIACIÓ PLC DE POLLING DE LA EDAR BAIX LLOBREGAT | C74: ud. | D74: 0
A75: PR04 | B75: PROGRAMACIÓ DE SCADA EDAR BAIX LLOBREGAT - Definició nous TAGs - Definició noves alarmes - Definició variables a guardar en histórics - Definició noves gràfiques - Defnició noves pantalles y dinàmiques - Ampliació pantalles existents | C75: ud. | D75: 0
A77: 1.12 | B77: MUNTATGE I PROVES
A78: MIP01 | B78: RETIRADA DE MATERIAL OBSOLET EXISTENT A LA CASETA DE CONTROL (ARMARI, PLC, ROUTER, ETC...). TRALLAT A ABOCADOR AUTORITZAT O MAGATZEM DE LA EDAR BAIX LLOBREGAT SEGONS INDICACIÓ DE DIRECCIÓ D'OBRA | C78: ud. | D78: 0
A79: MIP02 | B79: DESMUNTATGE VÀLVULA DN500 SORTIDA, REDUCTORS VÀLVULAS DN700 ENTRADA, DN600 SORTIDA I DN500 BY-PASS - Desmuntatge de vàlvules de papallona DN500 sortida bassa - Desmuntatge reductor i volant actual vàlvula papallona DN700 entrada bassa - Desmuntatge reductor i volant actual vàlvula papallona DN600 sortida bassa - Desmuntatge reductor i volant actual vàlvula papallona DN500 by-pass bassa | C79: ud. | D79: 0
A80: MIP03 | B80: MUNTATGE I CONNEXIÓ ELÈCTRICA NOU MATERIAL A LA CASETA DE CONTROL (ARMARI, PROTECIONS, PLCS, FONTS ALIMENTACIÓ, FUSIBLES ELECTRÒNICS 24VDC, EQUIPS COMUNICACIÓ, ILUMINACIÓ, ETC...). INCLOU PETIT MATERIAL DE CONNEXIÓ | C80: ud. | D80: 0
A81: MIP04 | B81: MUNTATGE NOU CABALÍMETRE DN500, REDUCTORS I MOTORS VÀLVULES SORTIDA DN600, ENTRADA DN700 I BY-PASS DN500 - Muntatge cabalímetre DN500 en substitució de vàlvula. Inlcou peces de caldereria per ajustos. Inclou muntatge electrònica remota en suport exterior arqueta. - Subministrament i muntatge de suport per electrònica remota fora de l'arqueta de les vàlvules format per suport de formigó, masteler de 1,75 i abraçaderes per caixa d'electrònica remota. Totes les peces del suport d'acer inoxidable 316L. - Muntatge de reductor i motor per vàlvula sortida DN600 - Muntatge de reductor i motor per vàlvula entrada DN700 - Muntatge de reductor i motor per vàlvula by-pass DN500 | C81: ud. | D81: 0
A82: MIP05 | B82: MUNTATGE SENSOR DE NIVELL EN BASSA - Instal·lació sensor amb ganxo per ajustar profunditat en bassa dins de tub rigid DN40 - Instal·lació de caixa de connexió en arqueta perímetre bassa - Inclou cable de senyal 4-20mA entre caixa de conexió en arqueta en perìmetre bassa fins PLC en caseta de control - Instal·lació i connexió cable de senyal entre caixa de connexió i caseta control. | C82: ud. | D82: 0
A83: MIP06 | B83: CONFIGURACIÓ NOUS EQUIPS (FONTS ALIMENTACIÓ, FUSIBLES ELECTRÒNICS, VÀLVULA MOTORITZADA, CABALÍMETRE, ETC...) | C83: ud. | D83: 0
A84: MIP07 | B84: PROVES LOCALS AL CCM DE LA BASSA (PROVES FUNCIONAMENT ELÈCTRIC, CONTROL MANUAL I CONTROL PLC SENSE COMUNICACIÓ AMB SCADA EDAR). | C84: ud. | D84: 0
A85: MIP08 | B85: PROVES GLOBALS (COMUNICACIONS PLC-PLC POLLING-SCADA, RECEPCIÓ DE DADES EN SCADA I CONTROL DESDE SCADA BAIX LLOBREGAT (TANT EN MODE PLC COM PC), PROVES DE LES PANTALLES, DINÀMIQUES DE LES PANTALLES, ALARMES Y GRÀFIQUES. | C85: ud. | D85: 0
A87: 1.13 | B87: DOCUMENTACIÓ
A88: DOC01 | B88: DOCUMENTACIÓ AS-BUILT - Plànols ubicació nous elements - Esquemes elèctrics - Documents funcionals i de programació - Configuracions equips instal·lats (equips comunicació, PLCs, Fonts alimentació, Fusibles electrónics, Vàlvula motoritzada, cabalímetre, sensor de nivell, etc...) - Protocol de proves executat (elèctric, PLC i SCADA) - Manuals equips instal·lats | C88: ud. | D88: 0
B91: ( POBLACIÓ, DATA Y SIGNATURA)
B93: Los precios no incluyen el Impuesto sobre el Valor Añadido (IVA , 21%)
B96: INSTRUCCIONES:
B97: Los campos con formatos en color negro no son editables, SOLO INTRODUCIR LOS PRECIOS UNITARIOS (EN COLOR ROJO) PARA CADA PARTIDA

Sheet Pressupost
A1: ='Quadre Preus'!A1 -> N.º EXP AB/SAN/???? | B1: ='Quadre Preus'!B1 -> ESCOMESA I AUTOMATITZACIÓ DE LA BASSA DE LA VALL BAIXA (SANT VICENÇ DELS HORTS) | D1: ='Quadre Preus'!C1 -> NOM LICITADOR
A2: Presupuesto
A4: Codi | B4: Unitats | C4: Descripció | D4: Quantitat | E4: Preu Unitari | F4: Import
A6: ='Quadre Preus'!A6 -> 1.1 | C6: ='Quadre Preus'!B6 -> PROJECTE
A7: ='Quadre Preus'!A7 -> PL01 | B7: ='Quadre Preus'!C7 -> ud. | C7: ='Quadre Preus'!B7 -> ENGINYERIA DE DETALL OBJECTE DEL CONCURS - Enginyeria de detall constructiva - Enginyeria de detall elèctrica - Enginyeria de detall dels programes dels PLCs i HMI - Enginyeria de detall ampliacions SCADA | D7: 1 | E7: ='Quadre Preus'!D7 -> 0 | F7: =ROUND(D7*E7,2) -> 0
C8: ="TOTAL " & A6 & C6 -> TOTAL 1.1 PROJECTE | F8: =SUM(F7) -> 0
A10: ='Quadre Preus'!A9 -> 1.2 | C10: ='Quadre Preus'!B9 -> ESCOMESA ELÈCTRICA
A11: ='Quadre Preus'!A10 -> EE01 | B11: ='Quadre Preus'!C10 -> ud. | C11: ='Quadre Preus'!B10 -> OBRA RECEPCIÓ ESCOMESA - Creació de puntalet d'escomesa aèria i nínxol al límit de la zona pública/privada de la parcela, amb accés directe 24h i també de caixa de protecció i mesura (CPM), segons especificacions de distribuidora del ANNEX 01. Inclou esbrossat zona. | D11: 1 | E11: ='Quadre Preus'!D10 -> 0 | F11: =ROUND(D11*E11,2) -> 0
A12: ='Quadre Preus'!A11 -> EE02 | B12: ='Quadre Preus'!C11 -> ud. | C12: ='Quadre Preus'!B11 -> OBRA DES DE RECEPCIÓ ESCOMESA FINS CASETA DE CONTROL - Canalització de serveis amb dos conductes de polieitilè corrugat de doble paret, DN125 , formigonats, exacavació de 0,80 m de fondaria i 40 cm d'ample, recoberts amb sorra, cinta de senyalització, rebliment de terres de la propia excavació. Longitud estimada 60 ml. | D12: 1 | E12: ='Quadre Preus'!D11 -> 0 | F12: =ROUND(D12*E12,2) -> 0
A13: ='Quadre Preus'!A12 -> EE03 | B13: ='Quadre Preus'!C12 -> ud. | C13: ='Quadre Preus'!B12 -> LEGALITZACIÓ INSTAL·LACIÓ ELÈCTRICA | D13: 1 | E13: ='Quadre Preus'!D12 -> 0 | F13: =ROUND(D13*E13,2) -> 0
A14: ='Quadre Preus'!A13 -> EE04 | B14: ='Quadre Preus'!C13 -> ud. | C14: ='Quadre Preus'!B13 -> CABLES INTERIORS ESCOMESA ELÈCTRICA - Subministrament i instal·lació de cables interiors entre obra recepció escomesa i caseta de control | D14: 1 | E14: ='Quadre Preus'!D13 -> 0 | F14: =ROUND(D14*E14,2) -> 0
C15: ="TOTAL " & A10 & C10 -> TOTAL 1.2 ESCOMESA ELÈCTRICA | F15: =SUM(F11:F14) -> 0
A17: ='Quadre Preus'!A15 -> 1.3 | C17: ='Quadre Preus'!B15 -> OBRA CIVIL
A18: ='Quadre Preus'!A16 -> OC01 | B18: ='Quadre Preus'!C16 -> ud. | C18: ='Quadre Preus'!B16 -> OBRA CONNEXIÓ ARQUETA VÀLVULES A CASETA CONTROL - Canalització de serveis amb dos conductes de polieitilè corrugat de doble paret, DN63 , exacavació de 0,75 m de fondaria i 30 cm d'ample, recoberts amb sorra, cinta de senyalització, rebliment de terres de la propia excavació. Longitud estimada 12 ml. | D18: 1 | E18: ='Quadre Preus'!D16 -> 0 | F18: =ROUND(D18*E18,2) -> 0
A19: ='Quadre Preus'!A17 -> OC02 | B19: ='Quadre Preus'!C17 -> ud. | C19: ='Quadre Preus'!B17 -> OBRA CONNEXIO CASETA DE CONTROL I MESURA DE NIVELL BASSA - Canalització de serveis amb dos conductes de polieitilè corrugat de doble paret, DN63 , exacavació de 0,75 m de fondaria i 30 cm d'ample, recoberts amb sorra, cinta de senyalització, rebliment de terres de la propia excavació. Longitud esimada 18ml. - Inclou arqueta de registre prefabricada de 30x30x30cm amb tapa de 40x40cm | D19: 1 | E19: ='Quadre Preus'!D17 -> 0 | F19: =ROUND(D19*E19,2) -> 0
A20: ='Quadre Preus'!A18 -> OC03 | B20: ='Quadre Preus'!C18 -> ud. | C20: ='Quadre Preus'!B18 -> REMODELACIÓ D'ARQUETA EXISTENT PER EQUIPS HIDRÀULICS BASSA DE LA VALL BAIXA - Embragatge i elevació d'estructures de formigó armat, i retirada a un costat amb grua de l'element de coberta de l'arqueta, i posterior col·locació al finalitzar els treballs. Pes estimat de la llosa 15 tn. - Perforació de mur de formigó armat per a formació de passamurs fins a 200 mm de diàmetre nominal amb un gruix de paret entre 20 i 30 cm amb equip de barrinat amb broca de diamant intercambiable, entre 100 i 400 mm de diàmetre. - Demolició de massissos d'obra de fàbrica o formigó en interior de l'arqueta, extracció de runa i càrrega sobre camió. - Càrrega amb mitjans mecànics i transport de residus inerts o no especials a instal·lació autoritzada de gestió de residus, amb camió per a transport de 12 t, amb un recorregut de més de 10 i fins a 15 km. - Deposició controlada a centre de reciclatge de residus barrejats inerts amb una densitat 1,0 t/m3, procedents de construcció o demolició, amb codi 170107 segons la Llista Europea de Residus. - Subministrament i instal·lació de graons (fins a 20 graons) per a pou de registre de polipropilè armat, de 250x350x250 mm i 3 kg de pes, col·locat amb morter de ciment 1:6, elaborat a l'obra. - Subministrament i instal·lació de dispositiu de seguretat consistent en una barra telescòpica retràctil i base de suport per a instal·lació en paret o pates dins d'arqueta. Material: acer inoxidable AIXI 316 efecte pulit mirall. De marca IVERNA 2000 o similar. Completament muntat i en funcionament. - Inclou suministrament i instal·lació d'elements de reacció/suport per equips hidràulics (colzes, vàlvules, reduccions, cabalímetre, etc.) de fàbrica de bloc o formigó, inclòs p.p. d'abarcons i tacs d'ancoratge químic. - Subministrament i instal·lació de punt de llum en interior de l'arqueta de vàlvules, inclòs cablejat i proteccions. - Formació de nou registre d'accés de personal en la llosa de coberta de l'arqueta. Perforació de quatre taladres amb broca , tall de la llosa amb disc o fil de diamant formant una obertura de 75x75 cm, per inserir bastiment de fosa dúctil quadrat de 910x910 mm, amb orificis d'ancoratge, i dues tapes triangulars amb articulació integrada i pas lliure 750x750 mm, tipus D400 segons norma EN124, instal·lada. | D20: 1 | E20: ='Quadre Preus'!D18 -> 0 | F20: =ROUND(D20*E20,2) -> 0
A21: ='Quadre Preus'!A19 -> OC04 | B21: ='Quadre Preus'!C19 -> ud. | C21: ='Quadre Preus'!B19 -> CONDICIONAMENT CASETA EXISTENT - Esbrossada i neteja voltants caseta - Buidat, neteja i pintura interior caseta - Pintura exterior caseta - Adequació entrada subterrania de tubulars | D21: 1 | E21: ='Quadre Preus'!D19 -> 0 | F21: =ROUND(D21*E21,2) -> 0
A22: ='Quadre Preus'!A20 -> OC05 | B22: ='Quadre Preus'!C20 -> ud. | C22: ='Quadre Preus'!B20 -> SUBMINISTRAMENT I INSTAL·LACIÓ PORTA BLINDADA PER CASETA EXISTENT - Retirada totxanes actuals - Tancament mitjançant pany i candaus amb clau tipus Aigües de Barcelona | D22: 1 | E22: ='Quadre Preus'!D20 -> 0 | F22: =ROUND(D22*E22,2) -> 0
A23: ='Quadre Preus'!A21 -> OC06 | B23: ='Quadre Preus'!C21 -> ud. | C23: ='Quadre Preus'!B21 -> OBRA PER INSTAL·LACIÓ DE SENSOR NIVELL EN BASSA - Subministrament tub rígit polietilé diametre 40mm. Longuitud estimada 13ml. - Subministrament abraçaderes per subjecció de tub rígit en llosses dins bassa inox 316L. 2 abraçaderes per llossa, 2 llosses. | D23: 1 | E23: ='Quadre Preus'!D21 -> 0 | F23: =ROUND(D23*E23,2) -> 0
C24: ="TOTAL " & A17 & C17 -> TOTAL 1.3 OBRA CIVIL | F24: =SUM(F18:F23) -> 0
A26: ='Quadre Preus'!A23 -> 1.4 | C26: ='Quadre Preus'!B23 -> ARMARIS
A27: ='Quadre Preus'!A24 -> AR01 | B27: ='Quadre Preus'!C24 -> ud. | C27: ='Quadre Preus'!B24 -> SUBMINISTRAMENT ARMARI ACER SCHNEIDER PANELSET SM, O SIMILAR. - D'ample 1000mm, alçada 1800mm i fons 500mm - Protecció IP55 - Placa de fons - Dos portes cegues amb maneta - Suports de fixació mural - Portadocuments - Socol de 100mm - Regleta de posada a terra - Iluminació interior LED - Interruptor de porta | D27: 1 | E27: ='Quadre Preus'!D24 -> 0 | F27: =ROUND(D27*E27,2) -> 0
C28: ="TOTAL " & A26 & C26 -> TOTAL 1.4 ARMARIS | F28: =SUM(F27) -> 0
A30: ='Quadre Preus'!A26 -> 1.5 | C30: ='Quadre Preus'!B26 -> INSTAL·LACIONS ELÈCTRIQUES 220VCA
A31: ='Quadre Preus'!A27 -> 220VCA01 | B31: ='Quadre Preus'!C27 -> ud. | C31: ='Quadre Preus'!B27 -> ILUMINACIÓ INTERIOR CASETA - Subministrament i instal·lació de punt de llum en interior de caseta de control, inclòs cablejat i proteccions. | D31: 1 | E31: ='Quadre Preus'!D27 -> 0 | F31: =ROUND(D31*E31,2) -> 0
A32: ='Quadre Preus'!A28 -> 220VCA02 | B32: ='Quadre Preus'!C28 -> ud. | C32: ='Quadre Preus'!B28 -> ILUMINACIÓ EXTERIOR CASETA - Subministrament i instal·lació de punt de llum en l'exterior de la caseta de control, amb braç mural d'alumini de entre 75 i 100 cm, ancorat a la paret amb ancoratge químic o mecànic, i luminària LED per exterior (100-150 lux), grau de protecció IP66, inclós cablejat, encesa amb sensor de moviment temporitzat, i connexionat a quadre elèctric, amb proteccions. | D32: 1 | E32: ='Quadre Preus'!D28 -> 0 | F32: =ROUND(D32*E32,2) -> 0
C33: ="TOTAL " & A30 & C30 -> TOTAL 1.5 INSTAL·LACIONS ELÈCTRIQUES 220VCA | F33: =SUM(F31:F32) -> 0
A35: ='Quadre Preus'!A30 -> 1.6 | C35: ='Quadre Preus'!B30 -> EQUIPS CONTROL
A36: ='Quadre Preus'!A31 -> EC01 | B36: ='Quadre Preus'!C31 -> ud. | C36: ='Quadre Preus'!B31 -> SUBMINISTRAMEN DE CABALÍMETRE DN500, PN10 - Cabalímetre electromagnètic - Brides EN1092-1 d'acer al carboni - 0xDN trams d'entrada/sortida - Electrodes acer inox 316L - Recobriment intern de goma dura - Electrònica remota amb 10m de cable - Caixa de l'electrònica de policarbonat - Autodiagnosi (Heartbeat + Monitorització) - Comunicació Ethernet/IP - Amb pantalla de protecció ambiental per electrònica - Alimentació AC 100..240 i AC/DC 24V - Marca Endress+Hauser, model W400 o similar | D36: 1 | E36: ='Quadre Preus'!D31 -> 0 | F36: =ROUND(D36*E36,2) -> 0
A37: ='Quadre Preus'!A32 -> EC02 | B37: ='Quadre Preus'!C32 -> ud. | C37: ='Quadre Preus'!B32 -> SUBMINISTRAMENT DE REDUCTURA I MOTOR PER VÀLVULA PAPALLONA DN600 PN10 SORTIDA BASSA - Segons norma EN 15714-2:2010 per actuadors elèctrics per vàlvules industrials - Per servei tipus modulant S4-25% (fins a 1.200 engegades per hora) - Connexions elèctriques mitjançant connector multipolar - Connexió a la vàlvula segons norma ISO 5210 - Protecció IP68 - Recorregut de 90º - Vida útil de 10.000 cicles Obert-Tancat-Obert - Per un parell màxim de la vàlvula de 2.400 Nm - Senyal analògica d’entrada de 4..20mA pel control de la posició - Senyal analògica de sortida de 4..20mA per informar de la posició - Precisió de la posició de 3º o superior - Amb senyals de final de carrera i límit de parell - Amb possibilitat d’operació local mitjançant polsadors Obrir-Aturar-Tancar. - Amb volant per operació manual - Amb comunicació Ethernet/IP de Rockwell - Alimentació trifàsica 400VAC - Marca AUMA, model GS-100.3(208:1)/SAR 07.6/AC 01.2 o similar | D37: 1 | E37: ='Quadre Preus'!D32 -> 0 | F37: =ROUND(D37*E37,2) -> 0
A38: ='Quadre Preus'!A33 -> EC03 | B38: ='Quadre Preus'!C33 -> ud. | C38: ='Quadre Preus'!B33 -> SUBMINISTRAMENT DE REDUCTURA I MOTOR PER VÀLVULA PAPALLONA DN700 PN10 ENTRADA BASSA - Segons norma EN 15714-2:2010 per actuadors elèctrics per vàlvules industrials - Per servei tipus ON-OFF S2-15min - Connexions elèctriques mitjançant connector multipolar - Connexió a la vàlvula segons norma ISO 5210 - Protecció IP68 - Recorregut de 90º - Vida útil de 10.000 cicles Obert-Tancat-Obert - Per un parell màxim de la vàlvula de 3.400 Nm - Amb senyals de final de carrera i límit de parell - Amb possibilitat d’operació local mitjançant polsadors Obrir-Aturar-Tancar. - Amb volant per operació manual - Alimentació trifàsica 400VAC - Marca AUMA, GS-125.3(208:1)/SA 10.2/AC 01.2 o similar | D38: 1 | E38: ='Quadre Preus'!D33 -> 0 | F38: =ROUND(D38*E38,2) -> 0
A39: ='Quadre Preus'!A34 -> EC04 | B39: ='Quadre Preus'!C34 -> ud. | C39: ='Quadre Preus'!B34 -> SUBMINISTRAMENT DE REDUCTURA I MOTOR PER VÀLVULA PAPALLONA DN500 PN10 BY-PASS BASSA - Segons norma EN 15714-2:2010 per actuadors elèctrics per vàlvules industrials - Per servei tipus ON-OFF S2-15min - Connexions elèctriques mitjançant connector multipolar - Connexió a la vàlvula segons norma ISO 5210 - Protecció IP68 - Recorregut de 90º - Vida útil de 10.000 cicles Obert-Tancat-Obert - Per un parell màxim de la vàlvula de 1.700 Nm - Amb senyals de final de carrera i límit de parell - Amb possibilitat d’operació local mitjançant polsadors Obrir-Aturar-Tancar. - Amb volant per operació manual - Alimentació trifàsica 400VAC - Marca AUMA, GS-100.3(208:1)/SA 07.6/AC 01.2 o similar | D39: 1 | E39: ='Quadre Preus'!D34 -> 0 | F39: =ROUND(D39*E39,2) -> 0
C40: ="TOTAL " & A35 & C35 -> TOTAL 1.6 EQUIPS CONTROL | F40: =SUM(F36:F39) -> 0
A42: ='Quadre Preus'!A36 -> 1.7 | C42: ='Quadre Preus'!B36 -> SENSORS TELECONTROL
A43: ='Quadre Preus'!A37 -> ET01 | B43: ='Quadre Preus'!C37 -> ud. | C43: ='Quadre Preus'!B37 -> SUBMINISTRAMENT NIVELL HIDROSTÀTIC - Marca VEGA, model VEGAWELL 52 o similar - Mesura d'alçada d'aigüa per pressió hidrostàtica - Amb capilar de compensació atmosférica - Senyal de sortida 4-20mA - Alimentat a 24VDC - Rang de mesura 0..1 bar (0..10 metres) - 20 metres de cable - Amb ganxo de suport inox 316L | D43: 1 | E43: ='Quadre Preus'!D37 -> 0 | F43: =ROUND(D43*E43,2) -> 0
A44: ='Quadre Preus'!A38 -> ET02 | B44: ='Quadre Preus'!C38 -> ud. | C44: ='Quadre Preus'!B38 -> SUBMINISTRAMENT DE CAIXA DE CONNEXIÓ NIVELL HIDROSTÀTIC I COMPENSACIÓ DE PRESSIÓ ATMOSFÈRICA - marca VEGA, modelo VEGABOX 03 o similar - Carcasa de plàstic IP66 - Filtre per conpensació de pressió atmosfèrica - Suport mural o carril DIN - Entrada de cable M20x1.5/prensaestopa PA negre (diàmetre 5-9mm) | D44: 1 | E44: ='Quadre Preus'!D38 -> 0 | F44: =ROUND(D44*E44,2) -> 0
C45: ="TOTAL " & A42 & C42 -> TOTAL 1.7 SENSORS TELECONTROL | F45: =SUM(F43:F44) -> 0
A47: ='Quadre Preus'!A40 -> 1.8 | C47: ='Quadre Preus'!B40 -> PLCS
A48: ='Quadre Preus'!A41 -> 5069-L320ER | B48: ='Quadre Preus'!C41 -> ud. | C48: ='Quadre Preus'!B41 -> SUBMINISTRAMENT PLC Controller, CompactLogix 5380, 2 MB User Memory, 16 I/Os, 40 EtherNet/IP Devices | D48: 1 | E48: ='Quadre Preus'!D41 -> 0 | F48: =ROUND(D48*E48,2) -> 0
A49: ='Quadre Preus'!A42 -> 5069-RTB4-SCREW | B49: ='Quadre Preus'!C42 -> ud. | C49: ='Quadre Preus'!B42 -> SUBMINISTRAMENT TERMINAL DE CONEXIÓ PER ALIMENTACIÓ MOD PLC COMPACTLOGIX Terminal de conexión de alimentación MOD del PLC (con tornillos) | D49: 1 | E49: ='Quadre Preus'!D42 -> 0 | F49: =ROUND(D49*E49,2) -> 0
A50: ='Quadre Preus'!A43 -> 1784-SDHC8 | B50: ='Quadre Preus'!C43 -> ud. | C50: ='Quadre Preus'!B43 -> SUBMINISTRAMENT TARJA SD 8GB PER PLC COMPACTLOGIX O SWITCH STRATIX O HMI PANEL VIEW PLUS | D50: 2 | E50: ='Quadre Preus'!D43 -> 0 | F50: =ROUND(D50*E50,2) -> 0
A51: ='Quadre Preus'!A44 -> 1734-AENTR | B51: ='Quadre Preus'!C44 -> ud. | C51: ='Quadre Preus'!B44 -> SUBMINISTRAMENT DE CAPÇALETRA POINT I/O Point I/O: 2-Port EtherNet I/O Adapter Module | D51: 1 | E51: ='Quadre Preus'!D44 -> 0 | F51: =ROUND(D51*E51,2) -> 0
A52: ='Quadre Preus'!A45 -> 1734-IB8 | B52: ='Quadre Preus'!C45 -> ud. | C52: ='Quadre Preus'!B45 -> SUBMINISTRAMENT TARJA POINT I/O 8 ENTRADES DIGITALS 24V Dc 8 Channel Sink Input Module | D52: 4 | E52: ='Quadre Preus'!D45 -> 0 | F52: =ROUND(D52*E52,2) -> 0
A53: ='Quadre Preus'!A46 -> 1734-OB8E | B53: ='Quadre Preus'!C46 -> ud. | C53: ='Quadre Preus'!B46 -> SUBMINISTRAMENT TARJA POINT I/O 8 SORTIDES DIGITALS 24V Dc8 Channel Source Output Module, Electronically Protected | D53: 2 | E53: ='Quadre Preus'!D46 -> 0 | F53: =ROUND(D53*E53,2) -> 0
A54: ='Quadre Preus'!A47 -> 1734-IE4C | B54: ='Quadre Preus'!C47 -> ud. | C54: ='Quadre Preus'!B47 -> SUBMINISTRAMENT TARJA POINT I/O 8 ENTRADES ANALÒGIQUES (4-20mA) 24V Dc 8 Channel Analog Current Input Module | D54: 1 | E54: ='Quadre Preus'!D47 -> 0 | F54: =ROUND(D54*E54,2) -> 0
A55: ='Quadre Preus'!A48 -> 1734-OE4C | B55: ='Quadre Preus'!C48 -> ud. | C55: ='Quadre Preus'!B48 -> SUBMINISTRAMENT TARJA POINT I/O 4 SORTIDES ANALÒGIQUES (4-20mA) 24V Dc 4 Points Analog Current Output Module | D55: 1 | E55: ='Quadre Preus'!D48 -> 0 | F55: =ROUND(D55*E55,2) -> 0
A56: ='Quadre Preus'!A49 -> 1734-TB | B56: ='Quadre Preus'!C49 -> ud. | C56: ='Quadre Preus'!B49 -> SUBMINISTRAMENT BASE PER TARGES POINT I/O AMB TERMINALS DE CONNEXIÓ AMB CARGOL POINT I/O 8 Terminal Base with screw | D56: =SUM(D52:D55) -> 8 | E56: ='Quadre Preus'!D49 -> 0 | F56: =ROUND(D56*E56,2) -> 0
A57: ='Quadre Preus'!A50 -> 2711P-T7C22D9P | B57: ='Quadre Preus'!C50 -> ud. | C57: ='Quadre Preus'!B50 -> SUBMINISTRAMENT DE HMI MARCA ROCKWELL MODEL PANEL VIEW PLUS 7 PERFORMANCE, O SIMILAR - Pantalla tàctil TFT color de 6,5" - Resolució 640 × 480 VGA - Alimentat a 24VDC - Dos ports de connexió de xarxa ethernet RJ-45 - Comunicació Ethernet/IP amb PLC Rockwell - Ranura per memoria SD | D57: 1 | E57: ='Quadre Preus'!D50 -> 0 | F57: =ROUND(D57*E57,2) -> 0
A58: ='Quadre Preus'!A51 -> 2711P-RMCP | B58: ='Quadre Preus'!C51 -> ud. | C58: ='Quadre Preus'!B51 -> SUBMINISTRAMENT SUPORTS D'ANIVELLAMENT PER HMI - Mounting levers for PanelView Plus 7 Performance and PanelView 5000 | D58: 1 | E58: ='Quadre Preus'!D51 -> 0 | F58: =ROUND(D58*E58,2) -> 0
C59: ="TOTAL " & A47 & C47 -> TOTAL 1.8 PLCS | F59: =SUM(F48:F58) -> 0
A61: ='Quadre Preus'!A53 -> 1.9 | C61: ='Quadre Preus'!B53 -> ALIMENTACIÓ 24VCC
A62: ='Quadre Preus'!A54 -> 24VCC01 | B62: ='Quadre Preus'!C54 -> ud. | C62: ='Quadre Preus'!B54 -> SUBMINISTRAMENT FONT ALIMENTACIÓ QUINT4-PS/1AC/24DC/20. REFERENCIA 2904602 O SIMILAR | D62: 2 | E62: ='Quadre Preus'!D54 -> 0 | F62: =ROUND(D62*E62,2) -> 0
A63: ='Quadre Preus'!A55 -> 24VCC02 | B63: ='Quadre Preus'!C55 -> ud. | C63: ='Quadre Preus'!B55 -> SUBMINISTRAMENT FONT ALIMENTACIÓ / CARREGADOR QUINT-UPS/ 24DC/ 24DC/40/EIP. REFERENCIA 2907074 O SIMILAR | D63: 1 | E63: ='Quadre Preus'!D55 -> 0 | F63: =ROUND(D63*E63,2) -> 0
A64: ='Quadre Preus'!A56 -> 24VCC03 | B64: ='Quadre Preus'!C56 -> ud. | C64: ='Quadre Preus'!B56 -> SUBMINISTRAMENT MÒDUL BATERIES UPS-BAT/VRLA/24DC/12AH. REFERENCIA 2320322 O SIMILAR | D64: 1 | E64: ='Quadre Preus'!D56 -> 0 | F64: =ROUND(D64*E64,2) -> 0
A65: ='Quadre Preus'!A57 -> 24VCC04 | B65: ='Quadre Preus'!C57 -> ud. | C65: ='Quadre Preus'!B57 -> SUBMINISTRAMENT MÒDUL REDUNDANCIA QUINT-ORING/24DC/2X20/1X40 AMB AUTO CURRENT BALANCING (ACB). REFERENCIA 2320186 O SIMILAR | D65: 1 | E65: ='Quadre Preus'!D57 -> 0 | F65: =ROUND(D65*E65,2) -> 0
A66: ='Quadre Preus'!A58 -> 24VCC05 | B66: ='Quadre Preus'!C58 -> ud. | C66: ='Quadre Preus'!B58 -> SUBMINISTRAMENT BASE FUSIBLES ELECTRÓNICS 24VDC DE 40A. MARCA E-T-A, MODEL EM12-T01-001-DC24V-40A , O SIMILAR | D66: 1 | E66: ='Quadre Preus'!D58 -> 0 | F66: =ROUND(D66*E66,2) -> 0
A67: ='Quadre Preus'!A59 -> 24VCC06 | B67: ='Quadre Preus'!C59 -> ud. | C67: ='Quadre Preus'!B59 -> SUBMINISTRAMENT MODUL COMUNICACIÓ ETHERNET/IP PER FUSIBLES ELECTRÒNICS 24VDC. MARCA E-T-A, MODEL CPC12EN-T1-001, O SIMILAR | D67: 1 | E67: ='Quadre Preus'!D59 -> 0 | F67: =ROUND(D67*E67,2) -> 0
A68: ='Quadre Preus'!A60 -> 24VCC07 | B68: ='Quadre Preus'!C60 -> ud. | C68: ='Quadre Preus'!B60 -> SUBMINISTRAMENT MODUL 2 FUSIBLES ELECTRÒNICS 24VDC, REGULABLES EN INSTENSITAT DE 1 A 10A. MARCA E-T-A, MODEL REX12D-TE2-100-DC24V-1A-10A, O SIMILAR | D68: 5 | E68: ='Quadre Preus'!D60 -> 0 | F68: =ROUND(D68*E68,2) -> 0
C69: ="TOTAL " & A61 & C61 -> TOTAL 1.9 ALIMENTACIÓ 24VCC | F69: =SUM(F62:F68) -> 0
A71: ='Quadre Preus'!A62 -> 1.10 | C71: ='Quadre Preus'!B62 -> COMUNICACIONS
A72: ='Quadre Preus'!A63 -> 1783-CMS10DP | B72: ='Quadre Preus'!C63 -> ud. | C72: ='Quadre Preus'!B63 -> SUBMINISTRAMENT SWITCH ROCKWELL STRATIX 5200 10 BOQUES: 8 RJ-45, 2 COMBO (SFP O RJ-45), ADMINSTRAT, SUPORTA DLR, REP, RSTP. AMB SOFTWARE AVANÇAT. | D72: 1 | E72: ='Quadre Preus'!D63 -> 0 | F72: =ROUND(D72*E72,2) -> 0
A73: ='Quadre Preus'!A64 -> 1784-SDHC8 | B73: ='Quadre Preus'!C64 -> ud. | C73: ='Quadre Preus'!B64 -> SUBMINISTRAMENT TARJA SD 8GB PER PLC COMPACTLOGIX O SWITCH STRATIX O HMI PANEL VIEW PLUS | D73: 1 | E73: ='Quadre Preus'!D64 -> 0 | F73: =ROUND(D73*E73,2) -> 0
A74: ='Quadre Preus'!A65 -> COM03 | B74: ='Quadre Preus'!C65 -> ud. | C74: ='Quadre Preus'!B65 -> SUBMINISTRAMENT LATIGILLO DE XARXA ETHERNET CAT6 FTP DE 1 METRES | D74: 0 | E74: ='Quadre Preus'!D65 -> 0 | F74: =ROUND(D74*E74,2) -> 0
A75: ='Quadre Preus'!A66 -> COM04 | B75: ='Quadre Preus'!C66 -> ud. | C75: ='Quadre Preus'!B66 -> SUBMINISTRAMENT LATIGILLO DE XARXA ETHERNET CAT6 FTP DE 2 METRES | D75: 0 | E75: ='Quadre Preus'!D66 -> 0 | F75: =ROUND(D75*E75,2) -> 0
A76: ='Quadre Preus'!A67 -> COM05 | B76: ='Quadre Preus'!C67 -> ud. | C76: ='Quadre Preus'!B67 -> SUBMINISTRAMENT LATIGILLO DE XARXA ETHERNET CAT6 FTP DE 3 METRES | D76: 3 | E76: ='Quadre Preus'!D67 -> 0 | F76: =ROUND(D76*E76,2) -> 0
A77: ='Quadre Preus'!A68 -> COM06 | B77: ='Quadre Preus'!C68 -> ud. | C77: ='Quadre Preus'!B68 -> SUBMINISTRAMENT LATIGILLO DE XARXA ETHERNET CAT6 FTP DE 5 METRES | D77: 2 | E77: ='Quadre Preus'!D68 -> 0 | F77: =ROUND(D77*E77,2) -> 0
A78: ='Quadre Preus'!A69 -> COM07 | B78: ='Quadre Preus'!C69 -> ml | C78: ='Quadre Preus'!B69 -> SUBMINISTRAMENT CABLE CAT6 S/FTP BLINDAT/ANTIROSSEGADORS PER EXTERIOR | D78: 20 | E78: ='Quadre Preus'!D69 -> 0 | F78: =ROUND(D78*E78,2) -> 0
C79: ="TOTAL " & A71 & C71 -> TOTAL 1.10 COMUNICACIONS | F79: =SUM(F72:F78) -> 0
A81: ='Quadre Preus'!A71 -> 1.11 | C81: ='Quadre Preus'!B71 -> PROGRAMACIÓ
A82: ='Quadre Preus'!A72 -> PR01 | B82: ='Quadre Preus'!C72 -> ud. | C82: ='Quadre Preus'!B72 -> PROGRAMACIÓ DE PLC DE LA BASSA | D82: 1 | E82: ='Quadre Preus'!D72 -> 0 | F82: =ROUND(D82*E82,2) -> 0
A83: ='Quadre Preus'!A73 -> PR02 | B83: ='Quadre Preus'!C73 -> ud. | C83: ='Quadre Preus'!B73 -> PROGRAMACIÓ DE HMI DE LA BASSA | D83: 1 | E83: ='Quadre Preus'!D73 -> 0 | F83: =ROUND(D83*E83,2) -> 0
A84: ='Quadre Preus'!A74 -> PR03 | B84: ='Quadre Preus'!C74 -> ud. | C84: ='Quadre Preus'!B74 -> PROGRAMACIÓ DE LA AMPLIACIÓ PLC DE POLLING DE LA EDAR BAIX LLOBREGAT | D84: 1 | E84: ='Quadre Preus'!D74 -> 0 | F84: =ROUND(D84*E84,2) -> 0
A85: ='Quadre Preus'!A75 -> PR04 | B85: ='Quadre Preus'!C75 -> ud. | C85: ='Quadre Preus'!B75 -> PROGRAMACIÓ DE SCADA EDAR BAIX LLOBREGAT - Definició nous TAGs - Definició noves alarmes - Definició variables a guardar en histórics - Definició noves gràfiques - Defnició noves pantalles y dinàmiques - Ampliació pantalles existents | D85: 1 | E85: ='Quadre Preus'!D75 -> 0 | F85: =ROUND(D85*E85,2) -> 0
C86: ="TOTAL " & A81 & C81 -> TOTAL 1.11 PROGRAMACIÓ | F86: =SUM(F82:F85) -> 0
A88: ='Quadre Preus'!A77 -> 1.12 | C88: ='Quadre Preus'!B77 -> MUNTATGE I PROVES
A89: ='Quadre Preus'!A78 -> MIP01 | B89: ud. | C89: ='Quadre Preus'!B78 -> RETIRADA DE MATERIAL OBSOLET EXISTENT A LA CASETA DE CONTROL (ARMARI, PLC, ROUTER, ETC...). TRALLAT A ABOCADOR AUTORITZAT O MAGATZEM DE LA EDAR BAIX LLOBREGAT SEGONS INDICACIÓ DE DIRECCIÓ D'OBRA | D89: 1 | E89: ='Quadre Preus'!D78 -> 0 | F89: =ROUND(D89*E89,2) -> 0
A90: ='Quadre Preus'!A79 -> MIP02 | B90: ud. | C90: ='Quadre Preus'!B79 -> DESMUNTATGE VÀLVULA DN500 SORTIDA, REDUCTORS VÀLVULAS DN700 ENTRADA, DN600 SORTIDA I DN500 BY-PASS - Desmuntatge de vàlvules de papallona DN500 sortida bassa - Desmuntatge reductor i volant actual vàlvula papallona DN700 entrada bassa - Desmuntatge reductor i volant actual vàlvula papallona DN600 sortida bassa - Desmuntatge reductor i volant actual vàlvula papallona DN500 by-pass bassa | D90: 1 | E90: ='Quadre Preus'!D79 -> 0 | F90: =ROUND(D90*E90,2) -> 0
A91: ='Quadre Preus'!A80 -> MIP03 | B91: ud. | C91: ='Quadre Preus'!B80 -> MUNTATGE I CONNEXIÓ ELÈCTRICA NOU MATERIAL A LA CASETA DE CONTROL (ARMARI, PROTECIONS, PLCS, FONTS ALIMENTACIÓ, FUSIBLES ELECTRÒNICS 24VDC, EQUIPS COMUNICACIÓ, ILUMINACIÓ, ETC...). INCLOU PETIT MATERIAL DE CONNEXIÓ | D91: 1 | E91: ='Quadre Preus'!D80 -> 0 | F91: =ROUND(D91*E91,2) -> 0
A92: ='Quadre Preus'!A81 -> MIP04 | B92: ud. | C92: ='Quadre Preus'!B81 -> MUNTATGE NOU CABALÍMETRE DN500, REDUCTORS I MOTORS VÀLVULES SORTIDA DN600, ENTRADA DN700 I BY-PASS DN500 - Muntatge cabalímetre DN500 en substitució de vàlvula. Inlcou peces de caldereria per ajustos. Inclou muntatge electrònica remota en suport exterior arqueta. - Subministrament i muntatge de suport per electrònica remota fora de l'arqueta de les vàlvules format per suport de formigó, masteler de 1,75 i abraçaderes per caixa d'electrònica remota. Totes les peces del suport d'acer inoxidable 316L. - Muntatge de reductor i motor per vàlvula sortida DN600 - Muntatge de reductor i motor per vàlvula entrada DN700 - Muntatge de reductor i motor per vàlvula by-pass DN500 | D92: 1 | E92: ='Quadre Preus'!D81 -> 0 | F92: =ROUND(D92*E92,2) -> 0
A93: ='Quadre Preus'!A82 -> MIP05 | B93: ud. | C93: ='Quadre Preus'!B82 -> MUNTATGE SENSOR DE NIVELL EN BASSA - Instal·lació sensor amb ganxo per ajustar profunditat en bassa dins de tub rigid DN40 - Instal·lació de caixa de connexió en arqueta perímetre bassa - Inclou cable de senyal 4-20mA entre caixa de conexió en arqueta en perìmetre bassa fins PLC en caseta de control - Instal·lació i connexió cable de senyal entre caixa de connexió i caseta control. | D93: 1 | E93: ='Quadre Preus'!D82 -> 0 | F93: =ROUND(D93*E93,2) -> 0
A94: ='Quadre Preus'!A83 -> MIP06 | B94: ud. | C94: ='Quadre Preus'!B83 -> CONFIGURACIÓ NOUS EQUIPS (FONTS ALIMENTACIÓ, FUSIBLES ELECTRÒNICS, VÀLVULA MOTORITZADA, CABALÍMETRE, ETC...) | D94: 1 | E94: ='Quadre Preus'!D83 -> 0 | F94: =ROUND(D94*E94,2) -> 0
A95: ='Quadre Preus'!A84 -> MIP07 | B95: ud. | C95: ='Quadre Preus'!B84 -> PROVES LOCALS AL CCM DE LA BASSA (PROVES FUNCIONAMENT ELÈCTRIC, CONTROL MANUAL I CONTROL PLC SENSE COMUNICACIÓ AMB SCADA EDAR). | D95: 1 | E95: ='Quadre Preus'!D84 -> 0 | F95: =ROUND(D95*E95,2) -> 0
A96: ='Quadre Preus'!A85 -> MIP08 | B96: ud. | C96: ='Quadre Preus'!B85 -> PROVES GLOBALS (COMUNICACIONS PLC-PLC POLLING-SCADA, RECEPCIÓ DE DADES EN SCADA I CONTROL DESDE SCADA BAIX LLOBREGAT (TANT EN MODE PLC COM PC), PROVES DE LES PANTALLES, DINÀMIQUES DE LES PANTALLES, ALARMES Y GRÀFIQUES. | D96: 1 | E96: ='Quadre Preus'!D85 -> 0 | F96: =ROUND(D96*E96,2) -> 0
C97: ="TOTAL " & A88 & C88 -> TOTAL 1.12 MUNTATGE I PROVES | F97: =SUM(F89:F96) -> 0
A99: ='Quadre Preus'!A87 -> 1.13 | C99: ='Quadre Preus'!B87 -> DOCUMENTACIÓ
A100: ='Quadre Preus'!A88 -> DOC01 | B100: ='Quadre Preus'!C88 -> ud. | C100: ='Quadre Preus'!B88 -> DOCUMENTACIÓ AS-BUILT - Plànols ubicació nous elements - Esquemes elèctrics - Documents funcionals i de programació - Configuracions equips instal·lats (equips comunicació, PLCs, Fonts alimentació, Fusibles electrónics, Vàlvula motoritzada, cabalímetre, sensor de nivell, etc...) - Protocol de proves executat (elèctric, PLC i SCADA) - Manuals equips instal·lats | D100: 1 | E100: ='Quadre Preus'!D88 -> 0 | F100: =ROUND(D100*E100,2) -> 0
C101: ="TOTAL " & A99 & C99 -> TOTAL 1.13 DOCUMENTACIÓ | F101: =SUM(F100) -> 0
C104: TOTAL EJECUCIÓN POR CONTRATO (SIN IVA)………………………………………. | F104: =F8+F15+F24+F28+F33+F40+F45+F59+F69+F79+F86+F97+F101 -> 0
C106: IVA (21%) | F106: =+F104*0.21 -> 0
C108: TOTAL EJECUCIÓN POR CONTRATO (IVA INCLUIDO)……………………………… | F108: =+F104+F106 -> 0
C111: ='Quadre Preus'!B91 -> ( POBLACIÓ, DATA Y SIGNATURA)
